 Dungeon Crawl Stone Soup version 0.17.1-3-g152610e (webtiles) character file.

569 juanjsm the Ducker (level 7, -1/33 HPs)
             Began as a Spriggan Venom Mage on Apr 9, 2016.
             Was a Follower of Vehumet.
             Slain by a sky beast (5 damage)
             ... on level 5 of the Dungeon.
             The game lasted 00:29:28 (4384 turns).

juanjsm the Ducker (Spriggan Venom Mage)            Turns: 4384, Time: 00:29:28

Health: -1/33      AC:  3    Str:  4    XL:     7   Next: 11%
Magic:  1/15       EV: 21    Int: 19    God:    Vehumet [*.....]
Gold:   178        SH:  0    Dex: 16    Spells: 5 memorised, 5 levels left

rFire  . . .     SeeInvis +     r - +0 dagger (holy)
rCold  + . .     Clarity  .     a - +0 robe
rNeg   . . .     SustAt   .     (shield restricted)
rPois  .         Gourm    .     (helmet restricted)
rElec  .         Spirit   .     s - +0 cloak
rCorr  .         Warding  .     (gloves unavailable)
rMut   .         Stasis   .     (boots unavailable)
MR     ++...                    (no amulet)
Stlth  +++.......               d - ring of protection from cold
                                t - ring of protection from magic

@: very slightly contaminated, very quick, very resistant to hostile
enchantments, fairly stealthy
A: unfitting armour, see invisible, herbivore 3, speed 3, slow metabolism 2
a: Renounce Religion


You were on level 5 of the Dungeon.
You worshipped Vehumet.
Vehumet was aware of your devotion.
You were not hungry.

You visited 2 branches of the dungeon, and saw 6 of its levels.

You collected 178 gold pieces.

Inventory:

Hand Weapons
 r - a +0 dagger of holy wrath (weapon)
Armour
 a - a +0 robe (worn)
 s - a +0 cloak (worn)
Jewellery
 d - a ring of protection from cold (right hand)
 k - an uncursed ring of ice
 t - a ring of protection from magic (left hand)
 v - an uncursed ring of ice
Wands
 n - a wand of cold (7)
 w - a wand of hasting (4)
Scrolls
 h - a scroll of random uselessness {unknown}
 i - a scroll of enchant armour {unknown}
 j - a scroll of magic mapping {unknown}
 l - a scroll of recharging
 m - a scroll of enchant weapon {unknown}
 p - a scroll of remove curse {unknown}
 u - a scroll of blinking {unknown}
 y - a scroll of teleportation {unknown}
 z - a scroll of noise {unknown}
Potions
 e - a potion of cancellation
 f - 3 potions of agility
 g - 3 potions of flight
 q - 3 potions of curing
 x - a potion of might {unknown}
 A - a potion of berserk rage {unknown}
Books
 b - a Young Poisoner's Handbook

   Spells                             Type                      Level
   a - Sting                          Conjuration/Poison           1
   b - Cure Poison                    Poison                       2
   c - Mephitic Cloud                 Conjuration/Poison/Air       3
   d - Olgreb's Toxic Radiance        Poison                       4
   e - Venom Bolt                     Conjuration/Poison           5
Comestibles
 c - 2 bread rations
 o - 3 fruits


   Skills:
 + Level 1.0 Fighting
 + Level 0.7 Short Blades
 + Level 6.3 Dodging
 + Level 4.9 Stealth
 + Level 0.2 Unarmed Combat
 + Level 5.0 Spellcasting
 + Level 1.3 Conjurations
 + Level 0.1 Ice Magic
 + Level 5.4 Poison Magic


You had 5 spell levels left.
You knew the following spells:

 Your Spells              Type           Power        Failure   Level  Hunger
a - Sting                 Conj/Pois      ###.         3%          1    None
b - Cure Poison           Pois           ####......   1%          2    #......
c - Mephitic Cloud        Conj/Pois/Air  ##......     14%         3    ##.....
d - Olgreb's Toxic Radia  Pois           ####....     14%         4    ####...
e - Freeze                Ice            #...         14%         1    None


Dungeon Overview and Level Annotations

Branches:
Dungeon (5/15)             Temple (1/1) D:4

Altars:
Cheibriados
Dithmenos
Elyvilon
Fedhas
Gozag
Kikubaaqudgha
Makhleb
Nemelex Xobeh
Okawaru
Qazlal
Sif Muna
Trog
Vehumet
Xom
Yredelemnul
Zin
The Shining One

Annotations:
D:2 Jessica
D:3 grom234's ghost, amateur DsWn
D:4 Alarkh's ghost, amateur OpTm
D:5 skk's ghost, novice DsNe


Innate Abilities, Weirdness & Mutations

You are tiny and cannot use many weapons and most armour.
You have supernaturally acute eyesight.
You are a herbivore.
You cover ground extremely quickly.
You need consume almost no food.


Message History

Casting: Sting
Confirm with . or Enter, or press ? or * to list all spells.
Aiming: Sting
Press: ? - help, Shift-Dir - straight line, f/p - sky beast
Aim: a sky beast (slightly transparent)
The sting hits the sky beast.
The sky beast is poisoned.
The sky beast is lightly wounded.
The sky beast barely misses you.
Casting: Sting
Confirm with . or Enter, or press ? or * to list all spells.
Aiming: Sting
Press: ? - help, Shift-Dir - straight line, f/p - sky beast
Aim: a sky beast (lightly wounded, poisoned, slightly transparent)
The sting misses the sky beast.
The sky beast hits you. The sky beast shocks you.
* * * LOW HITPOINT WARNING * * *
The sky beast hits you.
* * * LOW HITPOINT WARNING * * *
The sky beast shocks you.
You die...

#.##... .# #.##.## .#
#.##.#. #### #####.#####
#.##... ..# #.........#
#.##Z#. #.# #.........#
#.##.#.
..####.#######.........#
#.##...
.....Z%..<..Z..Y.......#
#.####.
##.###(######...@.>....#
#.# ## #.# #.#
##.........# #.# #.# #.#
#.........# #.# #.# #.#
#.........# #.# ##.# #.#
#.........# #.# <..###.#
#.#####.### #.# .......#
#.# #.# #.# ######## #.#
#.# #.# #.# #.# #.#


You could see a sky beast and a giant frog zombie.

Vanquished Creatures
  A centaur (D:5)
  5 scorpions
  A hound (D:5)
  An orc wizard (D:3)
  An iguana (D:4)
  A hound skeleton (D:4)
  7 adders
  An ooze (D:5)
  2 worms
  A giant gecko (D:4)
  5 orcs (D:3)
  3 giant cockroaches
  7 goblins
  6 hobgoblins
  6 kobolds
  3 quokkas
  A ball python (D:2)
  10 bats
  3 giant newts
  12 jackals
  3 rats
80 creatures vanquished.

Vanquished Creatures (others)
  3 fungi (D:4)
3 creatures vanquished.

Grand Total: 83 creatures vanquished

Notes
Turn   | Place    | Note
--------------------------------------------------------------
     0 | D:1      | juanjsm the Spriggan Venom Mage began the quest for the Orb.
     0 | D:1      | Reached XP level 1. HP: 9/9 MP: 5/5
   448 | D:1      | Reached XP level 2. HP: 10/13 MP: 3/6
   452 | D:1      | Learned a level 2 spell: Cure Poison
   586 | D:2      | Noticed Jessica
   774 | D:2      | Found a bloodstained altar of Trog.
   789 | D:2      | Found a radiant altar of Vehumet.
   809 | D:2      | Became a worshipper of Vehumet
  1073 | D:2      | Reached XP level 3. HP: 16/16 MP: 3/8
  1078 | D:2      | Learned a level 3 spell: Mephitic Cloud
  1563 | D:2      | Found an opulent altar of Gozag.
  1883 | D:3      | Reached * piety under Vehumet
  1883 | D:3      | Offered knowledge of Freeze by Vehumet.
  2018 | D:3      | Reached XP level 4. HP: 17/21 MP: 2/9
  2219 | D:3      | Noticed a sky beast
  2352 | D:3      | Noticed grom234's ghost (amateur DsWn)
  2679 | D:4      | Reached skill level 5 in Poison Magic
  2709 | D:4      | Reached XP level 5. HP: 4/24 MP: 1/11
  2715 | D:4      | Learned a level 4 spell: Olgreb's Toxic Radiance
  2735 | D:4      | Found a staircase to the Ecumenical Temple.
  2755 | Temple   | Entered the Ecumenical Temple
  3101 | D:4      | Learned a level 1 spell: Freeze
  3261 | D:4      | Noticed Alarkh's ghost (amateur OpTm)
  3440 | D:4      | Reached skill level 5 in Dodging
  3440 | D:4      | Reached XP level 6. HP: 28/28 MP: 0/13
  3519 | D:4      | Reached skill level 1 in Conjurations
  3984 | D:5      | Entered Level 5 of the Dungeon
  4050 | D:5      | Noticed skk's ghost (novice DsNe)
  4170 | D:5      | Reached skill level 6 in Dodging
  4243 | D:5      | Reached XP level 7. HP: 11/32 MP: 12/15
  4333 | D:5      | Reached skill level 1 in Fighting
  4333 | D:5      | Reached skill level 5 in Spellcasting
  4384 | D:5      | Slain by a sky beast

Action                   |  1- 3 |  4- 6 |  7- 9 || total
-------------------------+-------+-------+-------++-------
Melee: Unarmed           |    23 |       |       ||    23
       Dagger            |    24 |    94 |    14 ||   132
 Cast: Sting             |    73 |    69 |    18 ||   160
       Mephitic Cloud    |       |     4 |     1 ||     5
       Freeze            |       |     5 |       ||     5
       Cure Poison       |       |     2 |     1 ||     3
Evoke: Wand              |       |     3 |       ||     3
  Use: Potion            |       |     3 |       ||     3
       Scroll            |       |     7 |       ||     7
 Stab: Sleeping          |     7 |     6 |       ||    13
       Held in net/web   |       |     1 |       ||     1
  Eat: Pizza             |       |     1 |       ||     1
